 Dungeon Crawl Stone Soup version 0.31-a0-152-g6aa68a64a1 (webtiles) character file.

Game seed: 9666063597774030886

878 qw the Skirmisher (level 8, -1/50 HPs)
             Began as a Gargoyle Hunter on June 10, 2023.
             Slain by a gnoll
             ... wielding a +0 halberd
             ... led by a gnoll bouda
              (5 damage)
             ... on level 4 of the Dungeon.
             The game lasted 00:01:12 (2994 turns).

qw the Skirmisher (Gargoyle Hunter)                 Turns: 2994, Time: 00:01:12

Health: -1/50      AC: 11    Str: 18    XL:     8   Next: 4%
Magic:  8/8        EV: 12    Int: 11    God:
Gold:   127        SH:  0    Dex: 15    Spells: 7/7 levels left

rFire   . . .        c - +6 longbow of Cheese {flame, +Blink Str+4}
rCold   . . .        (shield currently unavailable)
rNeg    + . .        b - +0 steam dragon scales
rPois   inf          a - +0 helmet
rElec   +            (no cloak)
rCorr   .            (no gloves)
SInv    .            (no boots)
Will    .....        (no amulet)
Stlth   ++           (no ring)
HPRegen 0.28/turn    (no ring)
MPRegen 0.11/turn

%: no passive effects
@: weakened
A: sickness immunity, AC +5, negative energy resistance 1, electricity
resistance, torment resistance 1, petrification resistance
a: Evoke Blink


You were on level 4 of the Dungeon.
You visited 1 branch of the dungeon, and saw 4 of its levels.

You collected 226 gold pieces.
You spent 99 gold pieces at shops.


Innate Abilities, Weirdness & Mutations

You are immune to sickness and miasma.
Your stone body is resilient. (AC +5)
You are immune to poison.
You resist negative energy. (rN+)
You are resistant to electric shocks. (rElec)
You are resistant to unholy torment.
You are immune to petrification.


   Skills:
 - Level 5.4 Fighting
 + Level 8.3 Ranged Weapons
 - Level 1.1 Armour
 - Level 2.1 Dodging
 - Level 1.1 Stealth


You had 7 spell levels left.
You didn't know any spells.
Your spell library was empty.

Inventory:

Hand Weapons
 c - the +6 longbow of Cheese (weapon) {flame, +Blink Str+4}
   (You acquired it on level 2 of the Dungeon)

   Str:       It affects your strength (+4).
   +Blink:    It lets you blink.
 f - a +0 shortbow
Armour
 a - a +0 helmet (worn)
 b - +0 steam dragon scales (worn)
Scrolls
 h - a scroll of teleportation {unknown}
 k - a scroll of identify
 l - 2 scrolls of magic mapping {unknown}
Potions
 d - a potion of might {unknown}
 e - 3 potions of curing
 g - a potion of magic {unknown}
 i - a potion of attraction {unknown}
 j - a potion of mutation {unknown}

Dungeon Overview and Level Annotations

Branches:
Dungeon (4/15)
 Temple: D:4-7

Altars:

Shops:
D:3 [[=!


Message History

You shoot an arrow. The orc wizard shouts!
The arrow hits the gnoll!
The arrow burns the gnoll.
The gnoll is severely wounded.
The gnoll hits you from afar with a +0 halberd.
The gnoll barely misses you. The gnoll misses you.
The gnoll hits you with a +0 vampiric whip.
You shoot an arrow. The arrow hits the gnoll!
The arrow burns the gnoll.
You kill the gnoll!
Dowan misses you.
The gnoll hits you but does no damage. x2
The gnoll closely misses you.
Dowan hits you with a +1 dagger of venom.
The gnoll misses you. The gnoll hits you but does no damage.
The gnoll barely misses you.
You shoot an arrow. The arrow hits Dowan!!
The arrow burns Dowan.
You kill Dowan!
The gnoll bouda gazes fiercely through you!
You feel as though you will be weak longer.
The orc wizard mumbles some strange words.
The orc wizard flickers and vanishes!
Deactivating autopickup; reactivate with Ctrl-A.
The gnoll closely misses you. The gnoll hits you but does no damage.
You have reached level 8!
You feel clever.
You shoot an arrow. The arrow hits the gnoll!
The arrow burns the gnoll.
You kill the gnoll!
The gnoll hits you but does no damage.
You shoot an arrow. The arrow hits the gnoll bouda!
The arrow burns the gnoll bouda.
The gnoll bouda is severely wounded.
The gnoll closely misses you. x2; The gnoll barely misses you.
The gnoll bouda barely misses you. The gnoll closely misses you.
You shoot an arrow. The arrow hits the gnoll bouda.
The arrow burns the gnoll bouda.
The gnoll bouda is severely wounded.
The gnoll bouda hits you with a +0 whip!
You hear some strange, mumbled words.
Something tries to affect you, but you resist.
The gnoll hits you but does no damage.
The gnoll hits you from afar with a +0 halberd.
You die...

. .. ......... ...
#......... #..
.)..###......... . #..##
#..)#">.....#......#....
..............#.......##
..........<...#..(.##...
......))......(....##...
#.g.@...........##...
##.gg)............#...
......{.................
......##....#......).)).
.........##.##.##.###)).
...>..#........##.....).
..#.. #.................
..##. #................%
.................#.


You could see a gnoll bouda and 2 gnolls.

Vanquished Creatures
  Grinder (D:3)
  Duvessa (D:4)
  An ogre (D:4)
  Dowan (D:4)
  A howler monkey (D:4)
  A hound (D:2)
  An iguana (D:4)
  Natasha (thrice) (D:3)
  A gnoll bouda (D:4)
  4 adders
  10 gnolls
  A worm (D:3)
  5 dart slugs
  8 orcs
  9 ball pythons
  10 endoplasms
  4 giant cockroaches
  6 goblins
  2 hobgoblins
  9 quokkas
  5 bats
  5 frilled lizards
  3 kobolds
  7 rats
99 creatures vanquished.

Notes
Turn   | Place    | Note
-------+----------+-------------------------------------------
     0 | D:1      | qw the Gargoyle Hunter began the quest for the Orb.
     0 | D:1      | Reached XP level 1. HP: 12/12 MP: 1/1
     0 | D:1      | 0 ||| qw: Version: 0.2-a-29-g8b02136
     0 | D:1      | 0 ||| qw: Game counter: 3822
     0 | D:1      | 0 ||| qw: Always use a shield: true
     0 | D:1      | 0 ||| qw: God list: Okawaru
     0 | D:1      | 0 ||| qw: Allow faded altars: false
     0 | D:1      | 0 ||| qw: Do Orc after D:15 true
     0 | D:1      | 0 ||| qw: Do second Lair branch before Depths: true
     0 | D:1      | 0 ||| qw: Lair rune preference: random
     0 | D:1      | 0 ||| qw: Plans: Normal, Zot:1-4, Slime:5, God:TSO, Crypt,
                  | Tomb, Abyss, Pan, Hells, Win
     0 | D:1      | 0 ||| PLANNING D:1-11
   222 | D:1      | Reached XP level 2. HP: 17/17 MP: 2/2
   611 | D:1      | Reached XP level 3. HP: 13/21 MP: 3/3
   769 | D:1      | 769 ||| UPGRADING to +0 ring mail.
   779 | D:1      | 779 ||| DROPPING +0 leather armour.
   780 | D:1      | 780 ||| READING scroll labelled IROFFU YXEAMA.
   781 | D:1      | 781 ||| READING 2 scrolls labelled MEJOVA PELOGORPH.
   782 | D:1      | 782 ||| READING scroll labelled REIMUG BOIS.
   783 | D:1      | 783 ||| DROPPING scroll of butterflies.
   784 | D:1      | 784 ||| DROPPING scroll of blinking.
   882 | D:2      | Reached skill level 1 in Armour
   886 | D:2      | Reached skill level 5 in Ranged Weapons
   947 | D:2      | HP: 3/22 [gnoll/+0 halberd (7)]
   954 | D:2      | Reached skill level 3 in Fighting
   954 | D:2      | Reached XP level 4. HP: 5/28 MP: 4/4
  1760 | D:2      | 1760 ||| UPGRADING to +0 helmet.
  1765 | D:2      | 1765 ||| UPGRADING to +0 steam dragon scales.
  1775 | D:2      | 1775 ||| DROPPING +0 ring mail.
  1776 | D:2      | 1776 ||| READING scroll labelled QAEB XIEPNITI.
  1777 | D:2      | 1777 ||| READING scroll labelled BACWUY SOHIN.
  1778 | D:2      | 1778 ||| READING scroll labelled MUUTTU QIYM.
  1779 | D:2      | 1779 ||| READING scroll labelled XIARERUENN.
  1779 | D:2      | Identified a scroll of acquirement
  1779 | D:2      | 1779 ||| ACQUIRING +6 longbow of Cheese {flame, +Blink
                  | Str+4}
  1779 | D:2      | Acquired the +6 longbow of Cheese {flame, +Blink Str+4}
  1781 | D:2      | 1781 ||| SWAPPING to +6 longbow of Cheese {flame, +Blink
                  | Str+4}.
  1782 | D:2      | 1782 ||| DRINKING 2 pink potions.
  1894 | D:3      | Reached XP level 5. HP: 32/32 MP: 5/5
  2011 | D:3      | Found Pearo's Distillery.
  2019 | D:3      | 2019 ||| BUYING potion of curing (33 gold).
  2019 | D:3      | Bought a potion of curing for 33 gold pieces
  2019 | D:3      | 2019 ||| BUYING potion of curing (33 gold).
  2019 | D:3      | Bought a potion of curing for 33 gold pieces
  2019 | D:3      | 2019 ||| BUYING potion of curing (33 gold).
  2019 | D:3      | Bought a potion of curing for 33 gold pieces
  2073 | D:3      | Found Fiasare's Armour Emporium.
  2076 | D:3      | 2076 ||| SHOPLISTING +0 cloak (54 gold, have 49).
  2076 | D:3      | 2076 ||| SHOPLISTING +2 hat (192 gold, have 49).
  2076 | D:3      | 2076 ||| SHOPLISTING +4 ring mail of cold resistance (372
                  | gold, have 49).
  2141 | D:3      | Noticed Natasha
  2143 | D:3      | Killed Natasha
  2176 | D:3      | Reached skill level 6 in Ranged Weapons
  2488 | D:3      | Noticed Natasha
  2493 | D:3      | 2493 ||| Stepping ~*~*~tactically~*~*~ (outnumbered).
  2502 | D:3      | 2502 ||| Stepping ~*~*~tactically~*~*~ (outnumbered).
  2511 | D:3      | HP: 7/32 [Natasha (6)]
  2512 | D:3      | 2512 ||| DRINKING potion of heal wounds.
  2516 | D:3      | Killed Natasha
  2527 | D:3      | Noticed Natasha
  2529 | D:3      | Killed Natasha
  2672 | D:3      | Found Zosadiss's Antique Armour Emporium.
  2690 | D:3      | Found Paqyit's Jewellery Boutique.
  2695 | D:3      | 2695 ||| SHOPLISTING amulet of reflection (420 gold, have
                  | 84).
  2695 | D:3      | 2695 ||| SHOPLISTING ring of fire (350 gold, have 84).
  2695 | D:3      | 2695 ||| SHOPLISTING ring of see invisible (210 gold, have
                  | 84).
  2754 | D:3      | 2754 ||| READING scroll labelled IMISKI XEDIPS.
  2755 | D:3      | 2755 ||| READING scroll labelled PECOMPOSAPH.
  2770 | D:4      | Noticed Grinder
  2774 | D:4      | Reached XP level 6. HP: 38/38 MP: 6/6
  2779 | D:4      | 2779 ||| STAIRDANCE
  2781 | D:3      | Killed Grinder
  2782 | D:3      | Reached skill level 7 in Ranged Weapons
  2782 | D:3      | Reached XP level 7. HP: 37/43 MP: 7/7
  2889 | D:4      | 2889 ||| FLEEEEING.
  2890 | D:4      | 2890 ||| FLEEEEING.
  2892 | D:4      | 2892 ||| FLEEEEING.
  2893 | D:4      | 2893 ||| FLEEEEING.
  2897 | D:4      | Reached skill level 8 in Ranged Weapons
  2971 | D:4      | Noticed Dowan
  2974 | D:4      | Noticed Duvessa
  2983 | D:4      | Killed Duvessa
  2989 | D:4      | HP: 9/44 [gnoll/+0 vampiric whip[a gnoll bouda] (5)]
  2991 | D:4      | Killed Dowan
  2992 | D:4      | Reached XP level 8. HP: 10/50 MP: 8/8
  2994 | D:4      | HP: 4/50 [gnoll bouda/+0 whip (7)]
  2994 | D:4      | Slain by a gnoll

Levels and vault maps discovered:
D:1:      moated_graveyard_arrival, layout_basic, minmay_tall_x
D:2:      wad_woods_tower, layout_basic, chequers_serial_rivers_room_b,
          grunt_decor_clamped, minmay_ruptured
D:3:      layout_loops_corners, serial_shops, shop, nicolae_shop_hallway_plus,
          nicolae_shop_real_fake_doors, shop, uniq_natasha
D:4:      layout_cave_pools, due_unseen_surprise, uniq_grinder, uniq_duvessa

Skill      XL: |  1  2  3  4  5  6  7 |
---------------+----------------------+-----
Armour         | 1 |  1.1
Ranged Weapons | 5 6 7 8 |  8.3
Fighting       | 3 4 5 |  5.4
Dodging        | 2 |  2.1
Stealth        | |  1.1

Action                     |  1- 3 |  4- 6 |  7- 9 || total
---------------------------+-------+-------+-------++-------
   Fire: Shortbow          |    87 |    47 |       ||   134
         Longbow           |       |    63 |    58 ||   121
    Use: Scroll            |     3 |     6 |       ||     9
         Potion            |       |     2 |       ||     2
 Armour: Leather armour    |    18 |       |       ||    18
         Ring mail         |     5 |     8 |       ||    13
         Steam dragon scal |       |    26 |    20 ||    46
  Dodge: Dodged            |    41 |    38 |    37 ||   116

Table legend:
 A = Non-vault XP
 B = Vault XP
 C = Vault XP percentage of total XP
 D = Non-vault monster count
 E = Vault monster count
 F = Vault count percentage of total count
                 A         B        C        D         E       F
            +---------+---------+-------+---------+---------+-------
      Total |     608 |     647 |  51.6 |      81 |      18 |  18.2
            +---------+---------+-------+---------+---------+-------
        D:1 |      30 |       7 |  18.9 |      18 |       4 |  18.2
        D:2 |      40 |      81 |  66.9 |      17 |      10 |  37.0
        D:3 |     120 |     337 |  73.7 |      19 |       2 |   9.5
        D:4 |     418 |     222 |  34.7 |      27 |       2 |   6.9
            +---------+---------+-------+---------+---------+-------
